 Dungeon Crawl Stone Soup version 0.23.2-1-ga50397a (webtiles) character file.

Game seed: 6294553501670415802

42 sankara the Ruffian (level 3, -6/28 HPs)
             Began as a Minotaur Transmuter on May 20, 2019.
             Mangled by an ice beast (12 damage)
             ... on level 2 of the Dungeon.
             The game lasted 00:03:31 (1601 turns).

sankara the Ruffian (Minotaur Transmuter)           Turns: 1601, Time: 00:03:32

Health: -6/28      AC:  2    Str: 14    XL:     3   Next: 35%
Magic:  1/4        EV: 12    Int: 11    God:
Gold:   30         SH:  0    Dex: 10    Spells: 1/4 levels left

rFire    . . .     SeeInvis .     - Unarmed
rCold    . . .     Gourm    .   (no shield)
rNeg     . . .     Faith    .   b - +0 robe
rPois    .         Spirit   .   (helmet restricted)
rElec    .         Reflect  .   (no cloak)
rCorr    .         Harm     .   (no gloves)
MR       .....                  (boots currently unavailable)
Stlth    +.........             (no amulet)
HPRegen  0.09/turn              (no ring)
MPRegen  0.09/turn              (no ring)

@: appendage (expiring)
A: retaliatory headbutt, horns 2, talons 3
a: End Transformation


You were on level 2 of the Dungeon.
You were not hungry.
You had grown temporary talons.
You visited 1 branch of the dungeon, and saw 2 of its levels.

You collected 30 gold pieces.

Inventory:

Hand Weapons
 e - a +0 dagger
   (You took it off a kobold on level 1 of the Dungeon)
Missiles
 a - 11 arrows
 c - 22 stones (quivered)
Armour
 b - a +0 robe (worn)
Scrolls
 g - a scroll of amnesia {unknown}
 h - 4 scrolls of identify {unknown}
 i - 2 scrolls of remove curse {unknown}
 k - a scroll of enchant weapon {unknown}
Potions
 j - 2 potions of lignification {unknown}
Comestibles
 d - 5 rations


   Skills:
 - Level 1.2 Fighting
 - Level 2.1 Dodging
 * Level 4.4 Unarmed Combat
 - Level 1.3 Spellcasting
 + Level 2.1 Transmutations


You had one spell level left.
You knew the following spells:

 Your Spells              Type           Power        Failure   Level  Hunger
a - Beastly Appendage     Tmut           #.....       13%         1    ##.....
b - Sticks to Snakes      Tmut           #.......     19%         2    ###....

Your spell library contained the following spells:

 Spells                   Type           Power        Failure   Level  Hunger
 Spider Form              Tmut/Pois      #.........   52%         3    ####...
 Ice Form                 Ice/Tmut       #.......     89%         4    #####..
 Blade Hands              Tmut           #.........   98%         5    ######.


Dungeon Overview and Level Annotations

Branches:
Dungeon (2/15)

Altars:

Annotations:
D:2 exclusion: Sigmund, Sigmund


Innate Abilities, Weirdness & Mutations

You reflexively headbutt those who attack you in melee.
You have a pair of horns on your head.
You have claws for feet.


Message History

You hit the dart slug.
You headbutt the dart slug, but do no damage.
The dart slug is severely wounded.
The dart slug launches a dart at you. The slug dart hits you!
You punch the dart slug!
You kill the dart slug!
Your transformation is almost over.
The bat hits you.
You miss the bat. Your headbutt misses the bat. The bat barely misses you.
The bat closely misses you. You furiously retaliate!
You headbutt the bat. You barely miss the bat. You claw the bat.
The bat is severely wounded.
The bat hits you but does no damage. x2
You closely miss the bat. You claw the bat.
You kill the bat!
You closely miss the adder. The adder closely misses you. The adder bites you.
You are poisoned.
The adder poisons you!
You miss the adder. Your headbutt misses the adder.
You feel sick. The adder closely misses you.
You barely miss the adder. The adder misses you.
You barely miss the adder. Your kick misses the adder. The adder bites you. x2
You hit the adder. Your kick misses the adder. Your headbutt misses the adder.
The adder is heavily wounded.
You feel sick. The adder closely misses you. You furiously retaliate!
You headbutt the adder. You barely miss the adder. Your kick misses the adder.
The adder is almost dead.
Your talons disappear.
The adder barely misses you.
Casting: Beastly Appendage (safe; 13% risk of failure)
Confirm with . or Enter, or press ? or * to list all spells.
Your feet morph into talons.
Your transformation is almost over.
The adder bites you but does no damage.
You hit the adder.
You kill the adder!
You feel sick.
d - 5 rations (gained 1)
Things that are here:
an adder corpse; a bat corpse; a dart slug corpse You butcher the adder corpse.
f - a chunk of flesh {@w0}
Things that are here:
an adder skeleton; a bat corpse; a dart slug corpse You butcher the bat corpse.
You feel sick.
f - 2 chunks of flesh {@w0} (gained 1)
Things that are here:
an adder skeleton; a bat skeleton; a dart slug corpse You butcher the dart slug corpse.
f - 3 chunks of flesh {@w0} (gained 1)
Things that are here:
an adder skeleton; a bat skeleton Your talons disappear.
You feel sick.
You are no longer poisoned.
You start resting.
Eating one of 3 chunks of flesh {@w0}.
You eat one of the 3 chunks of flesh {@w0}.
This raw flesh tastes terrible.
Some of the chunks of flesh in your inventory have rotted away.
HP restored.
All of the chunks of flesh in your inventory have rotted away.
An ice beast comes into view.
Casting: Beastly Appendage (safe; 13% risk of failure)
Confirm with . or Enter, or press ? or * to list all spells.
Your feet morph into talons.
The ice beast closely misses you.
Casting: Beastly Appendage (safe; 13% risk of failure)
Confirm with . or Enter, or press ? or * to list all spells.
You create a snake!
You now have 11 arrows.
The ice beast closely misses you. You furiously retaliate!
You headbutt the ice beast, but do no damage.
You closely miss the ice beast. Your headbutt misses the ice beast.
Your adder barely misses the ice beast.
The ice beast hits you but does no damage.
You closely miss the ice beast. Your headbutt misses the ice beast.
Your adder bites the ice beast.
The ice beast completely misses you. You furiously retaliate!
You headbutt the ice beast, but do no damage.
You hit the ice beast. Your kick misses the ice beast.
The ice beast is moderately wounded.
Your transformation is almost over.
Your adder misses the ice beast. You closely miss the ice beast.
The ice beast is moderately wounded.
The ice beast hits you. The ice beast freezes you!
Your adder bites the ice beast but does no damage.
You closely miss the ice beast.
The ice beast is moderately wounded.
Your adder bites the ice beast but does no damage.
The ice beast hits you. The ice beast freezes you.
* * * LOW HITPOINT WARNING * * *
Your adder bites the ice beast but does no damage.
You hit the ice beast.
The ice beast is heavily wounded.
The ice beast hits you.
* * * LOW HITPOINT WARNING * * *
The ice beast freezes you!
You die...

#. #.# #...###### ..######.#
#..<)....# .......#.#
#...####.# .......#.# #...#
#.#
.....).#.####)..####.###.####
.....................!..(....
.......#.###########.#.......
######.#.###########.#.#....@
#.#........@.S..#.# #%##
######.##########Y####.# #
......>....... ... .#
#############. ...# .#
.....(# .⌠.#.. .......
...#.!#


You could see an ice beast and a friendly adder.

Vanquished Creatures
  An adder (D:2)
  2 dart slugs
  A leopard gecko (D:1)
  4 bats
  6 goblins
  6 hobgoblins
  2 frilled lizards (D:1)
  2 kobolds (D:1)
  2 rats
26 creatures vanquished.

Notes
Turn   | Place    | Note
-------+----------+-------------------------------------------
     0 | D:1      | sankara the Minotaur Transmuter began the quest for the
                  | Orb.
     0 | D:1      | Reached XP level 1. HP: 16/16 MP: 1/1
   329 | D:1      | Reached XP level 2. HP: 19/23 MP: 0/3
   385 | D:1      | Learned a level 2 spell: Sticks to Snakes
   849 | D:1      | Reached skill level 4 in Unarmed Combat
   906 | D:1      | Reached skill level 2 in Transmutations
  1134 | D:2      | Noticed Sigmund
  1181 | D:2      | Reached XP level 3. HP: 15/28 MP: 1/4
  1593 | D:2      | Noticed an ice beast
  1600 | D:2      | HP: 7/28 [ice beast (6)]
  1601 | D:2      | Mangled by an ice beast

Skill      XL: |  1  2 |
---------------+-------+-----
Unarmed Combat | 4 |  4.4
Transmutations | 2 |  2.1
Fighting       | |  1.2
Dodging        | |  2.1
Spellcasting   | |  1.3

Action                   || total
-------------------------++-------
Melee: Unarmed           ||    68
       Kick              ||     9
       Headbutt          ||     2
 Cast: Beastly Appendage ||    19
       Sticks to Snakes  ||     1
 Stab: Sleeping          ||     2
  Eat: Chunk             ||     3
Armor: Robe              ||     9
Dodge: Dodged            ||    39

Levels and vault maps discovered:
D:1:      dpeg_arrival_three_smaller_balls, layout_loops_corners
D:2:      layout_basic, overflow_temple_1_default, first_ration,
          elyvilon_altar_5, uniq_sigmund, uniq_robin

Table legend:
 A = Turns spent in this place as a percentage of turns spent in the entire game.
 B = Non-inter-level travel turns spent in this place as a percentage of non-inter-level travel turns spent in the entire game.
 C = Inter-level travel turns spent in this place as a percentage of turns spent in this place.
 D = Turns resting spent in this place as a percentage of non-inter-level travel turns spent in this place.
 E = Turns spent auto-exploring this place as a percentage of non-inter-level travel turns spent in this place.
 F = Non-inter-level travel turns spent in this place divided by the number of levels of this place that you've seen.
                   A       B       C       D       E      F
               +-------+-------+-------+-------+-------+----------------------
         Total | 100.0 | 100.0 |   2.6 |  42.2 |  40.8 | 780.0
       Dungeon | 100.0 | 100.0 |   2.6 |  42.2 |  40.8 | 780.0
               +-------+-------+-------+-------+-------+----------------------

Table legend:
 A = Kills in this place as a percentage of kills in entire the game.
 B = Kills by you in this place as a percentage of kills by you in the entire game.
 C = Kills by friends in this place as a percentage of kills by friends in the entire game.
 D = Other kills in this place as a percentage of other kills in the entire game.
 E = Experience gained in this place as a percentage of experience gained in the entire game.
 F = Experience gained in this place divided by the number of levels of this place that you have seen.
                   A       B       C       D       E      F
               +-------+-------+-------+-------+-------+----------------------
         Total | 100.0 | 100.0 |   N/A |   N/A | 100.0 |  30.5
       Dungeon | 100.0 | 100.0 |   N/A |   N/A | 100.0 |  30.5
               +-------+-------+-------+-------+-------+----------------------
